 Dungeon Crawl Stone Soup version 0.26-a0-663-g36e8fdb655 (webtiles) character file.

Game seed: 14731282261452435018

66 flotson the Covert (level 3, -2/23 HPs)
             Began as a Vampire Delver on Oct 10, 2020.
             Slain by a worker ant (4 damage)
             ... on level 4 of the Dungeon.
             The game lasted 00:00:58 (524 turns).

flotson the Covert (Vampire Delver)                  Turns: 524, Time: 00:00:58

Health: -2/23      AC:  4    Str: 12    XL:     3   Next: 96%
Magic:  3/3        EV: 12    Int: 12    God:
Gold:   6          SH:  0    Dex: 15    Spells: 2/2 levels left

rFire    . . .     SeeInvis +     - Unarmed
rCold    + + .     Faith    .   (no shield)
rNeg     + + +     Spirit   .   a - +0 leather armour
rPois    ∞         Reflect  .   g - +0 helmet
rElec    .         Harm     .   (no cloak)
rCorr    .         Rampage  .   (no gloves)
MR       .....                  (no boots)
Stlth    ++++++....             (no amulet)
HPRegen  0.00/turn              (no ring)
MPRegen  0.08/turn              (no ring)

@: bloodless
A: fangs 3, see invisible, unbreathing
a: Bat Form, Revivify


You were on level 4 of the Dungeon.
You visited 1 branch of the dungeon, and saw 2 of its levels.

You collected 6 gold pieces.

Inventory:

Armour
 a - a +0 leather armour (worn)
 g - a +0 helmet (worn)
Wands
 f - a wand of digging (3)
Scrolls
 b - a scroll of fog
 c - a scroll of magic mapping
 d - a scroll of fear
Potions
 e - a potion of haste


   Skills:
 + Level 3.0 Fighting
 + Level 0.1 Armour
 + Level 2.2 Dodging
 + Level 8.9 Stealth
 + Level 2.5 Unarmed Combat


You had 2 spell levels left.
You didn't know any spells.
Your spell library was empty.

Dungeon Overview and Level Annotations

Branches:
Dungeon (5/15)
 Temple: D:4-7

Altars:


Innate Abilities, Weirdness & Mutations

You do not regenerate when monsters are visible.
You are frail without blood (-20% HP).
You can heal yourself when you bite living creatures.
You are immune to poison.
You have razor-sharp teeth.
You have supernaturally acute eyesight. (SInv)
You can survive without breathing.


Message History

The jackal barely misses you.
You barely miss the jackal.
The jackal is heavily wounded.
The jackal bites you but does no damage.
You hit the jackal.
You kill the jackal!
The howler monkey misses you. The worker ant bites you.
You are too injured to fight recklessly!
You are too injured to fight recklessly!
You are too injured to fight recklessly!
You are too injured to fight recklessly!
You are too injured to fight recklessly!
You are too injured to fight recklessly!
You are too injured to fight recklessly!
You barely miss the worker ant.
The worker ant is moderately wounded.
The howler monkey hits you.
* * * LOW HITPOINT WARNING * * *
The worker ant bites you.
You die...

...[ ... .. ###.###
#...†.# #.....#
#.....#
####.....##########
..........B@h......
#######.#########.#
#............
#.####$###### # #.#
..# # #.# #.# # #.#
.. # #.# ..# . #.#
... ##


You could see a howler monkey (catching breath) and a worker ant.

Vanquished Creatures
  A hound (D:4)
  A worker ant (D:4)
  A leopard gecko (D:4)
  2 orcs (D:4)
  A giant cockroach (D:4)
  4 jackals (D:4)
  A frilled lizard (D:4)
11 creatures vanquished.

Notes
Turn   | Place    | Note
-------+----------+-------------------------------------------
     0 | D:5      | flotson the Vampire Delver began the quest for the Orb.
     0 | D:5      | Reached XP level 1. HP: 17/17 MP: 1/1
    14 | D:4      | Noticed a hound
    35 | D:4      | Killed a hound
    35 | D:4      | Reached skill level 8 in Stealth
    35 | D:4      | Reached XP level 2. HP: 12/18 MP: 2/2
    35 | D:4      | Reached XP level 3. HP: 14/22 MP: 3/3
   524 | D:4      | Slain by a worker ant

Illustrated notes

Levels and vault maps discovered:
D:4:      layout_basic
D:5:      layout_loops_ring, kennysheep_mini_moat,
          minmay_temple_entry_nine_rooms, uniq_edmund, uniq_sigmund

Skill      XL: |  1  2  3 |
---------------+----------+-----
Stealth        | 8 |  8.9
Fighting       | 3 |  3.0
Armour         | |  0.1
Dodging        | |  2.2
Unarmed Combat | |  2.5

Action                   || total
-------------------------++-------
Melee: Unarmed           ||    65
       Bite              ||     6
 Abil: Exsanguinate      ||     1
 Stab: Sleeping          ||     6
Armor: Leather armour    ||    18
Dodge: Dodged            ||    57

Table legend: (Time is in decaauts)
 A = Elapsed time spent in this place.
 B = Non-inter-level travel time spent in this place.
 C = Inter-level travel time spent in this place.
 D = Time resting spent in this place.
 E = Time spent auto-exploring this place.
 F = Levels seen in this place.
 G = Mean time per level.
                   A        B        C        D        E       F      G
               +--------+--------+--------+--------+--------+-----+--------+
         Total |    520 |    520 |      0 |      0 |    390 |   2 |  260.0 |
       Dungeon |    520 |    520 |      0 |      0 |    390 |   2 |  260.0 |
               +--------+--------+--------+--------+--------+-----+--------+

Top non-repeatable levels by time:
     D:4: 506 daAuts
     D:5: 14 daAuts
